 Dungeon Crawl Stone Soup version 0.29-a0-1052-g6990b1bffc (webtiles) character file.

Game seed: 4022352936252139227

131 Plasmagod the Ruffian (level 4, -5/35 HPs)
             Began as a Draconian Transmuter on Aug 17, 2022.
             Slain by Sigmund
             ... wielding a +0 scythe
              (9 damage)
             ... on level 3 of the Dungeon.
             The game lasted 00:04:39 (3376 turns).

Plasmagod the Ruffian (Draconian Transmuter)        Turns: 3376, Time: 00:04:39

Health: -5/35      AC:  5    Str: 13    XL:     4   Next: 91%
Magic:  6/7        EV: 12    Int: 15    God:
Gold:   111        SH:  0    Dex: 11    Spells: 6/7 levels left

rFire   . . .      SeeInvis .     - Unarmed
rCold   . . .      Faith    .   (no shield)
rNeg    . . .      Spirit   .   (body armour unavailable)
rPois   .          Reflect  .   (helmet currently unavailable)
rElec   .          Harm     .   (no cloak)
rCorr   .          Rampage  .   (no gloves)
Will    .....                   (boots currently unavailable)
Stlth   +.........              (no amulet)
HPRegen 0.11/turn               (no ring)
MPRegen 0.10/turn               (no ring)

@: appendages
A: horns 2, talons 2, AC +5, unfitting armour, cold-blooded
a: End Transformation


You were on level 3 of the Dungeon.
You had temporarily grown beastly horns and talons.
You visited 1 branch of the dungeon, and saw 3 of its levels.

You collected 111 gold pieces.

Inventory:

Missiles
 r - a throwing net
Magical Staves
 n - a staff of cold
Jewellery
 b - a +6 ring of dexterity
Scrolls
 d - 2 scrolls of poison {unknown}
 f - 4 scrolls of identify {unknown}
 g - 2 scrolls of summoning {unknown}
 h - a scroll of teleportation {unknown}
 i - a scroll of enchant armour {unknown}
 j - a scroll of blinking {unknown}
 l - a scroll of fear {unknown}
 o - 2 scrolls of noise {unknown}
 q - a scroll of enchant weapon {unknown}
 s - a scroll of magic mapping {unknown}
Potions
 a - a potion of lignification
 c - 4 potions of mutation {unknown}
 e - a potion of haste {unknown}
 k - a potion of might {unknown}
 m - 2 potions of heal wounds {unknown}
 p - a potion of attraction {unknown}


   Skills:
 - Level 1.1 Fighting
 - Level 1.8 Dodging
 + Level 5.6 Unarmed Combat
 - Level 2.0 Spellcasting
 - Level 2.0 Transmutations


You had 6 spell levels left.
You knew the following spells:

 Your Spells              Type           Power      Damage    Failure   Level
a - Beastly Appendage     Tmut           14%        N/A       10%         1

Your spell library contained the following spells:

 Spells                   Type           Power      Damage    Failure   Level
 Wereblood                Tmut           7%         N/A       14%         2
 Ensorcelled Hibernation  Hex/Ice        2%         N/A       32%         2
 Spider Form              Tmut/Pois      4%         N/A       41%         3
 Ice Form                 Ice/Tmut       4%         N/A       82%         4
 Anguish                  Hex/Necr       0%         N/A       91%         4


Dungeon Overview and Level Annotations

Branches:
Dungeon (3/15)

Altars:
Qazlal

Annotations:
D:3 3 runed translucent doors, Sigmund; anet's ghost, amateur GnBr


Innate Abilities, Weirdness & Mutations

You have temporarily grown beastly horns and talons.
Your plain brown scales are hard. (AC +5)
You cannot fit into any form of body armour.
You are cold-blooded and may be slowed by cold attacks.


Message History

You now have 111 gold pieces (gained 11).
You enter the shallow water.
Moving in this stuff is going to be slow.
A ball python comes into view.
You barely miss the ball python. The ball python bites you.
The ball python closely misses you.
You barely miss the ball python. You tail-slap the ball python.
You kill the ball python!
No target in view!
No target in view!
No target in view!
No target in view!
No target in view!
No target in view!
No target in view!
Sigmund and 2 orc priests come into view.
Sigmund shouts!
The orc priest shouts! x2
Sigmund gestures at you while chanting. You resist with some effort.
The orc priest invokes the aid of Beogh against you.
Beogh smites you!
The orc priest moves out of view.
You grow a pair of large bovine horns.
Your feet morph into talons.
Sigmund points at you and mumbles some strange words.
The puff of flame hits you! Sigmund hits you with a +0 scythe!
* * * LOW HITPOINT WARNING * * *
You hit Sigmund.
You tail-slap Sigmund, but do no damage.
Your punch misses Sigmund.
Sigmund is moderately wounded.
Sigmund hits you with a +0 scythe.
* * * LOW HITPOINT WARNING * * *
You completely miss Sigmund. You claw Sigmund, but do no damage.
You tail-slap Sigmund.
Sigmund is moderately wounded.
You closely miss Sigmund. Your kick misses Sigmund.
Your headbutt misses Sigmund.
Sigmund is moderately wounded.
Sigmund hits you with a +0 scythe!
You die...

.# #### .# ...# .#
##.###### .#
#.##...#########.##
#.##.#............#
#................#
#####.#########@##
#.# #@# #.# #o# #.#
##. ## #.# # .# #.#
.# #.# .# #.# .#
#.#


You could see Sigmund and an orc priest.

Vanquished Creatures
  An orc wizard (D:3)
  5 adders
  2 dart slugs
  3 orcs (D:3)
  4 endoplasms (D:1)
  3 giant cockroaches
  3 goblins
  5 hobgoblins (D:1)
  5 kobolds
  4 quokkas
  7 ball pythons
  5 bats
  4 frilled lizards
  3 rats
54 creatures vanquished.

Notes
Turn   | Place    | Note
-------+----------+-------------------------------------------
     0 | D:1      | Plasmagod the Draconian Transmuter began the quest for the
                  | Orb.
     0 | D:1      | Reached XP level 1. HP: 16/16 MP: 3/3
   346 | D:1      | Reached XP level 2. HP: 23/23 MP: 3/5
  1026 | D:1      | Reached skill level 4 in Unarmed Combat
  1403 | D:2      | Reached XP level 3. HP: 9/28 MP: 4/6
  1993 | D:2      | Identified the +1 ring mail of the Northern Lights {Rampage
                  | rElec rF++}
  2332 | D:2      | Reached XP level 4. HP: 25/35 MP: 7/7
  2704 | D:3      | Reached skill level 5 in Unarmed Combat
  2809 | D:3      | Found a runed translucent gate.
  2810 | D:3      | Found a runed translucent gate.
  2810 | D:3      | Found a runed translucent gate.
  2811 | D:3      | Noticed anet's ghost (amateur GnBr)
  2839 | D:3      | Noticed a fire elemental
  2841 | D:3      | Found a stormy altar of Qazlal.
  2843 | D:3      | Noticed a water elemental
  2843 | D:3      | Noticed an earth elemental
  2843 | D:3      | Noticed an air elemental
  3371 | D:3      | Noticed Sigmund
  3376 | D:3      | Slain by Sigmund

Illustrated notes

Levels and vault maps discovered:
D:1:      kennysheep_arrival_seaside, layout_basic, minmay_box_of_dots
D:2:      layout_rooms, minmay_misc_feat_tower, hangedman_decor_push,
          grunt_ministairs_15, minmay_misc_feat_five, grunt_decor_cap
D:3:      layout_loops_ring, mainiacjoe_overflow_paths,
          nicolae_qazlal_style_of_elements, ebering_ghost_rock_garden,
          serial_shops, nicolae_shop_hallway_stairs, guppyfry_early_lair_pool,
          uniq_sigmund

Skill      XL: |  1  2  3  4 |
---------------+-------------+-----
Unarmed Combat | 4 5 |  5.6
Fighting       | |  1.1
Dodging        | |  1.8
Spellcasting   | |  2.0
Transmutations | |  2.0

Action                   |  1- 3 |  4- 6 || total
-------------------------+-------+-------++-------
Melee: Unarmed           |   119 |    47 ||   166
       Kick              |    15 |     3 ||    18
       Tailslap          |     9 |     7 ||    16
       Headbutt          |     7 |     1 ||     8
       Punch             |     1 |       ||     1
 Cast: Beastly Appendage |    20 |     7 ||    27
 Stab: Sleeping          |     1 |       ||     1
Armor: Skin              |    59 |    10 ||    69
Dodge: Dodged            |    72 |    19 ||    91

Table legend: (Time is in decaauts)
 A = Elapsed time spent in this place.
 B = Non-inter-level travel time spent in this place.
 C = Inter-level travel time spent in this place.
 D = Time resting spent in this place.
 E = Time spent auto-exploring this place.
 F = Levels seen in this place.
 G = Mean time per level.
                   A        B        C        D        E       F      G
               +--------+--------+--------+--------+--------+-----+--------+
         Total |   3372 |   3321 |     51 |      0 |   2929 |   3 | 1124.0 |
       Dungeon |   3372 |   3321 |     51 |      0 |   2929 |   3 | 1124.0 |
               +--------+--------+--------+--------+--------+-----+--------+

Top non-repeatable levels by time:
     D:1: 1399 daAuts
     D:2: 1261 daAuts
     D:3: 711 daAuts
